 Dungeon Crawl Stone Soup version 0.30.1-11-g7821555f0a (webtiles) character file.

Game seed: 2275968635877540395

29 KittyFluff the Trooper (level 3, -2/34 HPs)
             Began as a Gargoyle Berserker on Nov 11, 2023.
             Was a Follower of Trog.
             Slain by an orc priest
             ... wielding a +0 hand axe
              (4 damage)
             ... on level 2 of the Dungeon.
             The game lasted 00:02:33 (649 turns).

KittyFluff the Trooper (Gargoyle Berserker)          Turns: 649, Time: 00:02:34

Health: -2/34      AC:  5    Str: 22    XL:     3   Next: 16%
Magic:  3/3        EV: 12    Int:  7    God:    Trog [*.....]
Gold:   19         SH:  0    Dex:  9    Spells: 2/2 levels left

rFire   . . .        a - +0 mace
rCold   . . .        (no shield)
rNeg    + . .        b - +0 animal skin
rPois   ∞            (no helmet)
rElec   +            (no cloak)
rCorr   .            (no gloves)
SInv    .            (no boots)
Will    .....        (no amulet) Stlth
                     (no ring)
HPRegen 0.25/turn    (no ring)
MPRegen 0.08/turn

%: no passive effects
@: berserking (expiring), very quick
A: sickness immunity, AC +3, negative energy resistance 1, electricity
resistance, torment resistance 1, petrification resistance
a: Renounce Religion, Berserk


You were on level 2 of the Dungeon.
You worshipped Trog.
Trog was aware of your devotion.
You visited 1 branch of the dungeon, and saw 2 of its levels.

You collected 19 gold pieces.

Inventory:

Hand Weapons
 a - a +0 mace (weapon)
Missiles
 d - a throwing net (quivered)
Armour
 b - a +0 animal skin (worn)
Scrolls
 c - 2 scrolls of blinking {unknown}
 e - a scroll of enchant weapon {unknown}
 f - a scroll of teleportation {unknown}
 g - a scroll of vulnerability {unknown}
Potions
 h - a potion of heal wounds {unknown}


   Skills:
 + Level 3.5 Fighting
 * Level 3.4 Maces & Flails
 * Level 2.7 Armour
 + Level 1.8 Dodging
 + Level 0.8 Stealth


You had 2 spell levels left.
You didn't know any spells.
Your spell library was empty.

Dungeon Overview and Level Annotations

Branches:
Dungeon (2/15)

Altars:


Innate Abilities, Weirdness & Mutations

You are immune to sickness and miasma.
Your stone body is resilient. (AC +3)
You are immune to poison.
You resist negative energy. (rN+)
You are resistant to electric shocks. (rElec)
You are resistant to unholy torment.
You are immune to petrification.


Message History

Beogh smites you!
Ouch! That really hurt!
* * * LOW HITPOINT WARNING * * *
You hit the orc.
The orc is severely wounded.
The orc hits you but does no damage.
A red film seems to cover your vision as you go berserk!
You feel yourself moving faster!
You feel mighty! The orc barely misses you.
You hit the orc.
You kill the orc!
Trog accepts your kill.
You have reached level 3!
Your experience leads to an increase in your attributes!
Increase (S)trength, (I)ntelligence, or (D)exterity?
You feel stronger. x2
You barely miss the worm. You sock the worm!
The worm is almost dead.
The worm barely misses you.
You sock the worm!
You kill the worm!
Trog accepts your kill.
You barely miss the orc.
The orc is almost dead.
The orc hits you but does no damage.
You barely miss the orc.
The orc is almost dead.
The orc hits you with a +0 dagger.
* * * LOW HITPOINT WARNING * * *
You hit the orc.
You kill the orc!
Trog accepts your kill.
You barely miss the orc priest.
The orc priest hits you with a +0 hand axe!
* * * LOW HITPOINT WARNING * * *
You barely miss the orc priest. You hit the orc priest.
The orc priest is moderately wounded.
The orc priest hits you with a +0 hand axe.
You die...

...# 8⌠.# #8w#
#..# #.8# #..#
#####..#######
#..@o...$...oo
#.############
#.# #.# #.#
#.# #<# ###


You could see an orc priest.

Vanquished Creatures
  A worm (D:2)
  2 orcs (D:2)
  2 endoplasms (D:1)
  2 giant cockroaches (D:1)
  6 goblins (D:1)
  A hobgoblin (D:1)
  3 ball pythons (D:1)
  A bat (D:1)
  A frilled lizard (D:1)
  2 kobolds (D:1)
  2 rats (D:1)
23 creatures vanquished.

Notes
Turn   | Place    | Note
-------+----------+-------------------------------------------
     0 | D:1      | KittyFluff the Gargoyle Berserker began the quest for the
                  | Orb.
     0 | D:1      | Reached XP level 1. HP: 14/14 MP: 1/1
   250 | D:1      | Reached XP level 2. HP: 14/19 MP: 2/2
   641 | D:2      | Reached XP level 3. HP: 9/23 MP: 3/3
   649 | D:2      | Slain by an orc priest

Illustrated notes

Levels and vault maps discovered:
D:1:      scummos_arrival_star, layout_loops_ring
D:2:      layout_basic, serial_shops, shop, minmay_misc_feat_diagonals,
          chequers_decorated_corner

Action                     || total
---------------------------++-------
  Melee: Mace              ||    74
 Invoke: Berserk           ||     1
   Stab: Sleeping          ||     1
 Armour: Animal skin       ||    30
  Dodge: Dodged            ||    33
